 Dungeon Crawl Stone Soup version 0.30.0-5-g1a98f26d00 (webtiles) character file.

Game seed: 7891295254973884805

14 SnakkuSnakku7 the Firebug (level 2, -3/14 HPs)
             Began as a Vine Stalker Fire Elementalist on May 13, 2023.
             Slain by a gnoll
             ... wielding a +0 flail
              (6 damage)
             ... on level 1 of the Dungeon.
             The game lasted 00:00:53 (775 turns).

SnakkuSnakku7 the Firebug (VSFE)                     Turns: 775, Time: 00:00:53

Health: -3/14      AC:  6    Str: 10    XL:     2   Next: 41%
Magic:  0/6        EV: 10    Int: 15    God:
Gold:   44         SH:  0    Dex: 14    Spells: 4/5 levels left

rFire   . . .        c - +2 spear (freeze)
rCold   . . .        (no shield)
rNeg    . . .        f - +0 ring mail
rPois   .            e - +0 helmet
rElec   .            (no cloak)
rCorr   .            (no gloves)
SInv    .            (no boots)
Will    .....        (no amulet)
Stlth   +            (no ring)
HPRegen 0.22/turn    (no ring)
MPRegen 0.10/turn

%: guardian spirit
@: no status effects
A: fangs 2, magic shield, antimagic bite, no potion heal 2
a: no special abilities


You were on level 1 of the Dungeon.
You visited 1 branch of the dungeon, and saw 2 of its levels.

You collected 44 gold pieces.

Inventory:

Hand Weapons
 c - a +2 spear of freezing (weapon)
Armour
 a - a +0 robe
 e - a +0 helmet (worn)
 f - a +0 ring mail (worn)
Scrolls
 g - a scroll of poison {unknown}
 h - a scroll of summoning {unknown}
Potions
 b - a potion of magic
 d - 2 potions of invisibility {unknown}


   Skills:
 + Level 1.1 Fighting
 - Level 1.5 Dodging
 - Level 2.4 Stealth
 + Level 1.2 Unarmed Combat
 - Level 2.1 Spellcasting
 - Level 1.0 Conjurations
 - Level 3.0 Fire Magic


You had 4 spell levels left.
You knew the following spells:

 Your Spells              Type           Power      Damage    Failure   Level
a - Foxfire               Conj/Fire      28%        2x1d5     26%         1

Your spell library contained the following spells:

 Spells                   Type           Power      Damage    Failure   Level
 Scorch                   Fire           20%        2d6       26%         2
 Sandblast                Erth           2%         2d4       50%         1
 Passwall                 Tmut/Erth      0%         N/A       65%         2
 Inner Flame              Hex/Fire       6%         N/A       67%         3
 Volatile Blastmotes      Fire/Tloc      12%        2d11      67%         3
 Stone Arrow              Conj/Erth      6%         3d7       80%         3
 Vhi's Electric Charge    Tloc/Air       2%         N/A       86%         3
 Flame Wave               Conj/Fire      7%         2d5       94%         4
 Arcjolt                  Conj/Air       1%         1d11      100%        5
 Maxwell's Capacitive Co  Air            0%         ∞         100%        8


Dungeon Overview and Level Annotations

Branches:
Dungeon (2/15)

Altars:


Innate Abilities, Weirdness & Mutations

You have extremely sharp teeth.
When hurt, damage is shared between your health and your magic reserves.
Your bite disrupts and absorbs the magic of your enemies.
Potions cannot restore your health.


Message History

There is an open door here.
There is an open door here.
There is an open door here.
Done exploring.
Done exploring.
(D) Dungeon
Where to? (Enter - D:1 @ (x,y), ? - help)
There is an open door here.
There is a stone staircase leading down here.
You climb downwards.
The gnoll shouts! x3; You hear an angry hiss.
Found 10 gold pieces and a scroll labelled ONIRO LIRUBRE.
There is a stone staircase leading up here.
There are monsters nearby!
Unknown command.
The gnoll hits you from afar with a +0 spear.
The gnoll hits you with a +0 flail.
You climb upwards.
There is a stone staircase leading down here.
You hit the gnoll. You freeze the gnoll. You bite the gnoll.
You drain its power.
You feel invigorated.
The gnoll is moderately wounded.
The gnoll hits you with a +0 flail.
You closely miss the gnoll. You bite the gnoll, but do no damage.
The gnoll is moderately wounded.
The gnoll closely misses you.
You hit the gnoll but do no damage.
The gnoll is moderately wounded.
The gnoll hits you with a +0 flail.
You are too injured to fight recklessly!
You are too injured to fight recklessly!
You are too injured to fight recklessly!
You hit the gnoll but do no damage. Your bite misses the gnoll.
The gnoll is moderately wounded.
The gnoll hits you with a +0 flail.
* * * LOW HITPOINT WARNING * * *
You closely miss the gnoll. Your bite misses the gnoll.
The gnoll is moderately wounded.
The gnoll hits you with a +0 flail!
You die...

#.####.# #.# #.# #####.#
#.# #(....# #.#
##.#######.#####
#.#.......)...# ########
#.#.#####.###.# #......#
#.#.#.....###.# #......#
#(#.#.#####@#.# #......#
### #...#.# #g#.#
#......# #.. #######.#
#..[# #......###..
#.......#
#.#.###......#....
#.#######
#.#..##......#.... #.#
#.#...'......'.... #.#
########.#.###......#....
#.#
#........#.......####....
###.# #.######.#########
#....


You could see a gnoll.

Vanquished Creatures
  A dart slug (D:1)
  A ball python (D:1)
  2 goblins (D:1)
  A hobgoblin (D:1)
  A quokka (D:1)
  A bat (D:1)
  2 frilled lizards (D:1)
  2 kobolds (D:1)
  A rat (D:1)
12 creatures vanquished.

Vanquished Creatures (others)
  7 foxfires (D:1)
7 creatures vanquished.

Grand Total: 19 creatures vanquished

Notes
Turn   | Place    | Note
-------+----------+-------------------------------------------
     0 | D:1      | SnakkuSnakku7 the Vine Stalker Fire Elementalist began the
                  | quest for the Orb.
     0 | D:1      | Reached XP level 1. HP: 9/9 MP: 4/4
   523 | D:1      | Reached skill level 1 in Unarmed Combat
   523 | D:1      | Reached XP level 2. HP: 12/14 MP: 6/6
   530 | D:1      | Reached skill level 1 in Fighting
   775 | D:1      | Slain by a gnoll

Illustrated notes

Levels and vault maps discovered:
D:1:      dpeg_arrival_lava_temple_mockup, layout_basic, minivault_26
D:2:      layout_rooms, uniq_sigmund, uniq_jessica

Skill      XL: |  1  2 |
---------------+-------+-----
Unarmed Combat | 1 |  1.2
Fighting       | 1 |  1.1
Dodging        | |  1.5
Stealth        | |  2.4
Spellcasting   | |  2.1
Conjurations   | |  1.0
Fire Magic     | |  3.0

Action                     || total
---------------------------++-------
  Melee: Spear             ||    26
         Bite              ||     5
   Cast: Foxfire           ||     4
   Stab: Sleeping          ||     1
 Armour: Ring mail         ||     3
  Dodge: Dodged            ||     8
